 Dungeon Crawl Stone Soup version 0.30.0-29-ga12c61a403 (webtiles) character file.

Game seed: 1846351002014288260

35174 croobank the Fighter (level 13, 0/101 HPs)
             Began as a Demonspawn Ice Elementalist on June 23, 2023.
             Was an Initiate of Gozag.
             Slain by a bone dragon (6 damage)
             ... on level 2 of the Abyss.
             The game lasted 01:45:29 (18807 turns).

croobank the Fighter (Demonspawn Ice Elementalist) Turns: 18807, Time: 01:45:30

Health: 0/101      AC: 26    Str:  8    XL:     13   Next: 46%
Magic:  0/25       EV: 14    Int: 21    God:    Gozag
Gold:   199        SH:  4    Dex: 15    Spells: 12/28 levels left

rFire   + . .        a - +2 broad axe (flame)
rCold   + . .        (no shield)
rNeg    . . .        t - +0 steam dragon scales
rPois   +            J - +2 helmet
rElec   +            g - +2 cloak {rPois}
rCorr   +            u - +1 pair of gloves
SInv    +            C - +0 pair of boots
Will    +....        z - amulet of guardian spirit
Stlth   +++          e - ring of poison resistance
HPRegen 0.00/turn    L - ring "Yditisy" {Drain +Blink Will+ Slay+4 SInv}
MPRegen 0.19/turn

%: guardian spirit
@: mighty, resistant, gold aura, on berserk cooldown, sick, hasted and slowed
A: yellow scales 3, icemail 2, powered by death 1, condensation shield, weakness
stinger 2
a: Renounce Religion, Evoke Blink, Potion Petition, Call Merchant, Bribe Branch


You were on level 2 of the Abyss.
You worshipped Gozag.
Gozag was aware of your devotion.
You visited 3 branches of the dungeon, and saw 15 of its levels.
You visited the Abyss 1 time.

You collected 3174 gold pieces.
You spent 298 gold pieces at shops.
You paid 2677 gold pieces to Gozag.

Inventory:

Hand Weapons
 a - a +2 broad axe of flaming (weapon)
 b - a +3 longbow of flaming
 c - a +3 spectral club
 d - a +3 quarterstaff of chaos
 h - a +0 short sword
 p - a +0 trident
 q - a +1 dagger of venom
 v - the +6 Majin-Bo {spellvamp, MP+6 Int+6}
   (You acquired it on level 7 of the Dungeon)

   Int:       It affects your intelligence (+6).
   MP:        It affects your magic capacity (+6).
 w - a +2 war axe of freezing
 x - a +0 long sword
 A - a +2 whip of flaming
 H - a +3 whip
 O - a -2 demon whip of venom
Missiles
 i - 26 poisoned darts (quivered)
 F - 2 boomerangs
 K - 2 boomerangs of dispersal
 N - 6 atropa-tipped darts
 Y - 5 curare-tipped darts
Armour
 g - a +2 cloak of poison resistance (worn)
 n - a +0 ring mail
 s - a +1 robe of cold resistance
 t - +0 steam dragon scales (worn)
 u - a +1 pair of gloves (worn)
 B - a +0 leather armour of fire resistance
 C - a +0 pair of boots (worn)
 J - a +2 helmet (worn)
Magical Staves
 r - a staff of earth
Jewellery
 e - a ring of poison resistance (left hand)
 z - an amulet of guardian spirit (around neck)
 D - a +6 ring of dexterity
 L - the ring "Yditisy" (right hand) {Drain +Blink Will+ Slay+4 SInv}
   (You acquired it on level 3 of the Lair of Beasts)

   [ring of willpower]

   Slay:      It affects your accuracy & damage with ranged weapons and melee
   (+4).
   SInv:      It lets you see invisible.
   +Blink:    It lets you blink.
   Drain:     It drains your maximum health when unequipped.
   Will:      It increases your willpower.
 M - a +4 ring of protection
 P - a ring of positive energy
Wands
 m - a wand of roots (7)
 E - a wand of charming (8)
 I - a wand of polymorph (16)
 Q - a wand of mindburst (6)
 X - a wand of digging (5)
 Z - a wand of flame (7)
Scrolls
 o - a scroll of teleportation
 y - a scroll of immolation
 U - a scroll of fog
 V - 4 scrolls of identify
Potions
 f - 5 potions of curing
 j - a potion of magic
 k - 3 potions of flight
 l - 3 potions of mutation
 G - 2 potions of lignification
 W - a potion of attraction


   Skills:
 + Level 9.4 Fighting
 + Level 8.7 Axes
 + Level 5.6 Dodging
 + Level 6.2 Stealth
 + Level 8.3 Spellcasting
 * Level 7.9 Conjurations
 - Level 7.0 Summonings
 * Level 7.4 Fire Magic
 - Level 7.6 Ice Magic


You had 12 spell levels left.
You knew the following spells:

 Your Spells              Type           Power      Damage    Failure   Level
a - Freeze                Ice            100%       1d10      1%          1
b - Frozen Ramparts       Ice            82%        1d13      1%          3
c - Ozocubu's Armour      Ice            41%        N/A       1%          3
d - Summon Ice Beast      Ice/Summ       39%        N/A       3%          4
e - Foxfire               Conj/Fire      100%       2x1d9     1%          1
f - Flame Wave            Conj/Fire      41%        2d11      3%          4

Your spell library contained the following spells:

 Spells                   Type           Power      Damage    Failure   Level
 Scorch                   Fire           80%        2d8       1%          2
 Dazzling Flash           Conj/Hex       50%        N/A       4%          3
 Volatile Blastmotes      Fire/Tloc      48%        2d14      4%          3
 Necrotise                Necr           32%        1d5       8%          1
 Fireball                 Conj/Fire      20%        3d10      9%          5
 Iskenderun's Mystic Bla  Conj/Tloc      25%        2d7       16%         4
 Vampiric Draining        Necr           8%         2d6       22%         3
 Metabolic Englaciation   Hex/Ice        12%        N/A       41%         5
 Starburst                Conj/Fire      20%        6d7       45%         6
 Summon Cactus Giant      Summ           19%        N/A       54%         6
 Agony                    Necr           8%         N/A       91%         5
 Plasma Beam              Fire/Air       12%        2x1d25    94%         6
 Chain Lightning          Conj/Air       12%        3d16      100%        9
 Fire Storm               Conj/Fire      20%        8d5       100%        9
 Shatter                  Erth           4%         3d7*      100%        9
 Simulacrum               Ice/Necr       Unusable   N/A       N/A         6

Dungeon Overview and Level Annotations

Branches:
Dungeon (9/15)             Temple (1/1) D:4            Lair (5/5) D:8
  Swamp (0/4) Lair:2       Spider (0/4) Lair:2        Slime (0/5) Lair:4
    Orc: D:9-12

Altars:
Ashenzari
Cheibriados
Dithmenos
Fedhas
Gozag
Hepliaklqana
Kikubaaqudgha
Makhleb
Nemelex Xobeh
Okawaru
Qazlal
Ru
Sif Muna
Trog
Uskayaw
Vehumet
Wu Jian
Xom
Yredelemnul
Jiyva

Shops:
D:3 *   D:4 [*:   Lair:3 !

Annotations:
D:9 exclusion: wizard


Innate Abilities, Weirdness & Mutations

You are completely covered in yellow scales. (AC +4, rCorr)
A meltable icy envelope protects you from harm. (AC +8)
You regenerate a little health from kills.
A meltable shield of frost defends you. (SH +4)
You have a tail ending in a sharp stinger.


Message History

The bone dragon claws you.
* * * LOW HITPOINT WARNING * * *
The bone dragon tramples you but does no damage.
You barely miss the bone dragon.
The bone dragon is heavily damaged.
You hit the ancient zyme. You burn the ancient zyme.
The ancient zyme barely misses you. The ancient zyme misses you.
You hit the bone dragon. You tail-slap the bone dragon.
You punch the bone dragon!
The bone dragon is heavily damaged.
You hit the ancient zyme. You burn the ancient zyme.
You are no longer berserk.
You are exhausted.
You feel yourself slow down. The bone dragon bites you!!
* * * LOW HITPOINT WARNING * * *
The bone dragon claws you but does no damage.
The bone dragon tramples you but does no damage.
The ancient zyme hits you!
* * * LOW HITPOINT WARNING * * *
The ancient zyme hits you but does no damage. [a] - 270 gold - resistance [b] - 432 gold - resistance and invisibility [c] - 870 gold - resistance, might, haste and heal wounds Purchase which effect?
You no longer have enough gold to petition Gozag for potion effects.
You no longer have enough gold to fund merchants seeking to open stores in the dungeon.
You feel protected.
You feel very mighty all of a sudden.
You feel yourself speed up.
You feel much better.
The bone dragon bites you but does no damage.
The bone dragon claws you but does no damage.
The bone dragon tramples you!
* * * LOW HITPOINT WARNING * * *
You hold your ground!
The ancient zyme hits you but does no damage.
The ancient zyme hits you!
* * * LOW HITPOINT WARNING * * *
The bone dragon bites you but does no damage.
The bone dragon claws you.
You die...
Your body crumbles into a pile of gold.

........
.......
......
##....
#....
...#
##x.#
#.@.#
#2D.#
##.##
#$.##
#$..
##..##
#..#.. #
..
........
§. ..
... .#.#
§§


You could see a bone dragon, an ancient zyme and a hellion.

Vanquished Creatures
  3 hydras
  A two-headed ogre (D:9)
  A thrashing horror (Abyss:2)
  Amaemon (Lair:1)
  3 skysharks
  A flayed ghost (Abyss:2)
  2 deep elf pyromancers (D:9)
  A large abomination (D:9)
  A cyclops (D:9)
  7 elephants
  A smoke demon (Abyss:2)
  2 black mambas (Lair:4)
  3 cane toads
  An orange demon (Lair:1)
  Maggie (D:6)
  A nameless horror (D:6)
  8 komodo dragons
  3 rime drakes
  A meliai (Lair:2)
  A troll (D:9)
  2 polar bears
  7 dream sheep
  4 raiju (Abyss:2)
  Sigmund (D:2)
  A shadow (D:9)
  4 wyverns
  21 yaks
  A starcursed mass (Abyss:2)
  A basilisk (Lair:1)
  2 steam dragons
  A fire bat (Abyss:2)
  A chaos spawn (Abyss:2)
  11 water moccasins
  A sky beast (D:7)
  An ice beast (D:7)
  A black bear (Lair:1)
  An ogre (D:6)
  4 wolves (Lair:1)
  3 centaurs
  A kobold brigand (D:9)
  3 phantoms
  Blork the orc (D:6)
  11 bullfrogs
  5 scorpions
  6 wights
  2 small abominations (Abyss:2)
  9 killer bees
  A howler monkey (D:9)
  6 hounds
  3 jellies
  3 orc priests
  2 sleepcaps
  Crazy Yiuf (D:2)
  Jessica (D:2)
  Natasha (thrice) (D:2)
  2 iguanas
  Terence (D:2)
  5 orc wizards
  9 hell rats
  13 adders
  4 gnolls
  2 river rats (D:8)
  2 white imps
  An ufetubus (Abyss:2)
  3 dart slugs
  24 orcs
  2 endoplasms
  4 giant cockroaches
  5 goblins
  8 hobgoblins
  5 quokkas
  7 ball pythons
  8 bats
  6 frilled lizards
  11 kobolds
  6 rats
297 creatures vanquished.

Vanquished Creatures (collateral kills)
  Nessos (Lair:4)
  A hydra (Lair:5)
  2 catoblepae
  A skyshark (Lair:3)
  An elephant (Lair:1)
  A black mamba (Lair:1)
  A torpor snail (Lair:1)
  2 cane toads (Lair:5)
  3 komodo dragons
  2 dream sheep (Lair:5)
  9 yaks
  A killer bee (Lair:2)
  4 hell rats
  2 orc wizards (D:9)
  An orc (D:9)
  5 foxfires
37 creatures vanquished.

Vanquished Creatures (others)
  A manticore (D:9)
  A wyvern (D:9)
  A wight (Abyss:2)
  141 foxfires
  6 starspawn tentacles (Abyss:2)
150 creatures vanquished.

Grand Total: 484 creatures vanquished

Notes
Turn   | Place    | Note
-------+----------+-------------------------------------------
     0 | D:1      | croobank the Demonspawn Ice Elementalist began the quest
                  | for the Orb.
     0 | D:1      | Reached XP level 1. HP: 13/13 MP: 3/3
   471 | D:1      | Gained mutation: You are partially covered in yellow
                  | scales. (AC +2) [demonic ancestry]
   471 | D:1      | Reached XP level 2. HP: 19/19 MP: 3/5
   860 | D:2      | Noticed Natasha
   896 | D:2      | Killed Natasha
   897 | D:2      | Reached XP level 3. HP: 12/24 MP: 2/6
  1039 | D:2      | Noticed Jessica
  1041 | D:2      | Killed Jessica
  1042 | D:2      | Gained mutation: You have a small tail. [demonic ancestry]
  1042 | D:2      | Reached XP level 4. HP: 23/30 MP: 4/7
  1090 | D:2      | Noticed Sigmund
  1110 | D:2      | HP: 1/30 [something (6)]
  1468 | D:2      | Killed Sigmund
  1469 | D:2      | Gained mutation: You have a tail ending in a sharp stinger.
                  | [demonic ancestry]
  1469 | D:2      | Reached XP level 5. HP: 35/35 MP: 7/9
  1498 | D:2      | Noticed Natasha
  1508 | D:2      | Killed Natasha
  1509 | D:2      | Gained mutation: You are mostly covered in yellow scales.
                  | (AC +3) [demonic ancestry]
  1509 | D:2      | Reached XP level 6. HP: 30/41 MP: 8/11
  1553 | D:2      | Noticed Natasha
  1560 | D:2      | Killed Natasha
  1564 | D:2      | Noticed Terence
  1758 | D:2      | Learned a level 3 spell: Frozen Ramparts
  1772 | D:2      | Found a runed translucent door.
  1773 | D:2      | Noticed Crazy Yiuf
  1787 | D:2      | Killed Crazy Yiuf
  2010 | D:2      | Killed Terence
  2143 | D:3      | Reached skill level 1 in Fighting
  2950 | D:3      | Found Effan's Assorted Antiques.
  2956 | D:3      | Bought a scroll of identify for 58 gold pieces
  2958 | D:3      | Bought a scroll labelled AVEIFE ELAY for 29 gold pieces
  3124 | D:3      | Gained mutation: You regenerate a little health from kills.
                  | [demonic ancestry]
  3124 | D:3      | Reached XP level 7. HP: 44/49 MP: 8/12
  3128 | D:3      | Learned a level 3 spell: Ozocubu's Armour
  3188 | D:4      | Found an iron altar of Okawaru.
  3243 | D:4      | Reached skill level 2 in Fighting
  3270 | D:4      | Found Bachoari's Overcharged Wands.
  3350 | D:4      | Found Guxoar's Book Shop.
  3373 | D:4      | Found a staircase to the Ecumenical Temple.
  3382 | Temple   | Entered the Ecumenical Temple
  3483 | D:4      | You fall into a shaft and drop 2 floors!
  3616 | D:6      | Reached skill level 5 in Ice Magic
  3656 | D:5      | Entered Level 5 of the Dungeon
  3721 | D:5      | Reached skill level 3 in Fighting
  4034 | D:4      | Found Wood Vam's Armour Boutique.
  4180 | D:4      | Found a bloodstained altar of Trog.
  4182 | D:4      | Found a hazy altar of Hepliaklqana.
  4706 | D:5      | Reached XP level 8. HP: 56/59 MP: 7/14
  4831 | D:5      | Found an opulent altar of Gozag.
  4846 | D:5      | Became a worshipper of Gozag Ym Sagoz the Greedy
  5214 | D:6      | Reached skill level 4 in Fighting
  5265 | D:6      | Noticed Maggie
  5356 | D:4      | Bought a +0 leather armour of fire resistance for 99 gold
                  | pieces
  5405 | D:5      | Learned a level 4 spell: Summon Ice Beast
  5410 | D:6      | Noticed a nameless horror
  5418 | D:6      | Killed a nameless horror
  5431 | D:6      | HP: 2/90 [Maggie/+1 broad axe of flaming (6)]
  5446 | D:6      | Killed Maggie
  5702 | D:6      | Learned a level 1 spell: Foxfire
  5703 | D:6      | Noticed Blork the orc
  5727 | D:6      | Killed Blork the orc
  5885 | D:6      | Found a sacrificial altar of Ru.
  5897 | D:6      | Reached skill level 5 in Fighting
  5897 | D:6      | Reached skill level 5 in Stealth
  6000 | D:6      | Reached skill level 1 in Conjurations
  6152 | D:6      | Reached skill level 1 in Fire Magic
  6504 | D:7      | Found a burning altar of Makhleb.
  6526 | D:7      | Reached skill level 5 in Spellcasting
  6528 | D:7      | Gained mutation: A meltable shield of frost defends you.
                  | (SH +4) [demonic ancestry]
  6528 | D:7      | Reached XP level 9. HP: 27/68 MP: 6/16
  6808 | D:7      | Found an ancient bone altar of Kikubaaqudgha.
  7075 | D:7      | Reached skill level 5 in Dodging
  7310 | D:7      | Reached skill level 6 in Fighting
  8311 | D:8      | Noticed a death yak
  8314 | D:8      | Noticed a death yak
  8316 | D:8      | Noticed a death yak
  8329 | D:7      | Identified a scroll of acquirement
  8330 | D:7      | Acquired the +6 Majin-Bo {spellvamp, MP+6 Int+6}
  8330 | D:7      | Found the +6 Majin-Bo {spellvamp, MP+6 Int+6}
  8531 | D:8      | Reached skill level 5 in Summonings
  8722 | D:8      | Gained mutation: You are completely covered in yellow
                  | scales. (AC +4, rCorr) [demonic ancestry]
  8722 | D:8      | Reached XP level 10. HP: 71/76 MP: 11/18
  9001 | D:8      | Found a staircase to the Lair.
  9041 | Lair:1   | Entered Level 1 of the Lair of Beasts
  9041 | Lair:1   | Noticed an elephant
  9041 | Lair:1   | Noticed an elephant
  9041 | Lair:1   | Noticed an elephant
  9175 | D:9      | Noticed a seven-headed hydra
  9179 | D:9      | Noticed a manticore
  9180 | D:9      | Noticed a deep elf pyromancer
  9183 | D:9      | Killed a five-headed hydra
  9183 | D:9      | Noticed a deep elf pyromancer
  9185 | D:9      | Killed a deep elf pyromancer
  9186 | D:9      | Killed a manticore
  9191 | D:9      | Killed a deep elf pyromancer
  9311 | D:9      | Reached skill level 1 in Axes
  9430 | D:9      | Found an ornate altar of the Wu Jian Council.
  9530 | D:9      | Noticed a cyclops
  9550 | D:9      | Killed a cyclops
  9654 | D:9      | Reached skill level 5 in Axes
  9944 | D:9      | Noticed a two-headed ogre
  9992 | D:9      | Killed a two-headed ogre
  9993 | D:9      | Reached XP level 11. HP: 81/81 MP: 2/19
 10238 | D:9      | Noticed a wizard
 11084 | Lair:1   | Noticed Amaemon
 11094 | Lair:1   | Killed Amaemon
 11138 | Lair:1   | Identified the +0 scale mail of Focus {Contam +Inv Int+8
                  | Slay-3}
 11672 | Lair:1   | Reached skill level 7 in Fighting
 12393 | Lair:2   | Found a hole to the Spider Nest.
 12398 | Lair:2   | Noticed a catoblepas
 12450 | Lair:2   | Gained mutation: A meltable icy envelope protects you from
                  | harm. (AC +8) [demonic ancestry]
 12450 | Lair:2   | Reached XP level 12. HP: 50/91 MP: 11/21
 12452 | Lair:2   | Reached skill level 5 in Conjurations
 13379 | Lair:2   | Reached skill level 8 in Fighting
 13379 | Lair:2   | Reached skill level 5 in Fire Magic
 13954 | Lair:2   | Found a staircase to the Swamp.
 14031 | Lair:2   | Killed a catoblepas
 14160 | Lair:3   | Learned a level 4 spell: Flame Wave
 14269 | Lair:3   | Noticed a seven-headed hydra
 14283 | Lair:3   | Killed a seven-headed hydra
 14705 | Lair:3   | Noticed a catoblepas
 14738 | Lair:3   | Killed a catoblepas
 15753 | Lair:4   | Noticed Nessos
 15758 | Lair:3   | Bought a potion of invisibility for 112 gold pieces
 15761 | Lair:3   | Acquired the ring "Yditisy" {Drain +Blink Will+ Slay+4
                  | SInv}
 15788 | Lair:4   | Killed Nessos
 16454 | Lair:4   | Found a viscous altar of Jiyva.
 16454 | Lair:4   | Found a staircase to the Slime Pits.
 16714 | Lair:4   | Reached skill level 9 in Fighting
 17035 | Lair:5   | Entered Level 5 of the Lair of Beasts
 17228 | Lair:5   | Gained mutation: A meltable icy envelope protects you from
                  | harm. (AC +8) [demonic ancestry]
 17228 | Lair:5   | Reached XP level 13. HP: 101/101 MP: 14/25
 18485 | Abyss:2  | Cast into level 2 of the Abyss (a wizard)
 18525 | Abyss:2  | Found a corrupted altar of Lugonu.
 18558 | Abyss:2  | Found a corrupted altar of Lugonu.
 18562 | Abyss:2  | Noticed a starcursed mass
 18577 | Abyss:2  | Noticed a starcursed mass
 18587 | Abyss:2  | Found a corrupted altar of Lugonu.
 18647 | Abyss:2  | Noticed a tentacled starspawn
 18673 | Abyss:2  | Noticed a hellephant
 18681 | Abyss:2  | Noticed a starcursed mass
 18766 | Abyss:2  | Noticed a bone dragon
 18806 | Abyss:2  | HP: 4/101 [ancient zyme (8)]
 18807 | Abyss:2  | Slain by a bone dragon

Illustrated notes

Levels and vault maps discovered:
D:1:      psy_arrival_radial01, layout_rooms, minmay_misc_feat_tiny
D:2:      layout_rooms, uniq_jessica, uniq_terence, uniq_sigmund,
          uniq_crazy_yiuf_cottage, uniq_natasha
D:3:      layout_loops_ring, serial_shops, nicolae_shop_just_a_little_nook
D:4:      layout_cave_pools, mainiacjoe_overflow_catwalk,
          chequers_temple_overflow_statue_of_worship,
          minmay_temple_entry_antechambers, serial_shops, kennysheep_mini_moat,
          nicolae_shop_just_a_little_nook, nicolae_shop_overcharged_wands
D:5:      layout_cave_pools, mainiacjoe_overflow_small_starburst
D:6:      layout_basic, mainiacjoe_overflow_catch_the_wave, uniq_blork_the_orc,
          uniq_maggie
D:7:      layout_basic, lemuel_round_altar, bloody_makhleb
D:8:      layout_cave_pods, dpeg_lair_monsters
D:9:      minmay_blocky_corners, layout_irregular_city, amcnicky_altar_gilded,
          st_stairs_12, minmay_misc_feat_encased, laboratory
Temple:   nicolae_temple_god_jail
Lair:1:   layout_loops_ring, uniq_amaemon
Lair:2:   layout_loops_ring, minmay_swamp_entry_wisps,
          hellmonk_spider_entry_not_the_bees, grunt_megastairs_2
Lair:3:   layout_cave_pods
Lair:4:   layout_gridlike, dpeg_slime_entry_enclosed, uniq_nessos
Lair:5:   evil_forest, layout_hall_layers
Abyss:2:  base:
Lair:3

Skill      XL: |  1  2  3  4  5  6  7  8  9 10 11 12 13 |
---------------+----------------------------------------+-----
Stealth        | 2 3 4 5 6 |  6.2
Dodging        | 2 3 4 5 |  5.6
Ice Magic      | 4 5 6 7 |  7.6
Spellcasting   | 3 4 5 6 8 |  8.3
Fighting       | 1 3 5 6 7 9 |  9.4
Conjurations   | 1 2 4 6 7 |  7.9
Fire Magic     | 1 2 4 6 7 |  7.4
Summonings     | 5 7 |  7.0
Axes           | 5 7 8 |  8.7

Action                     |  1- 3 |  4- 6 |  7- 9 | 10-12 | 13-15 || total
---------------------------+-------+-------+-------+-------+-------++-------
  Melee: Unarmed           |     1 |       |       |       |       ||     1
         Short sword       |     8 |       |       |       |       ||     8
         Club              |       |   115 |   196 |       |       ||   311
         Tailslap          |       |    19 |    47 |    61 |    19 ||   146
         Punch             |       |     2 |     6 |     6 |     3 ||    17
         Broad axe         |       |       |   116 |   291 |   102 ||   509
         Dagger            |       |       |     1 |       |       ||     1
         War axe           |       |       |       |    14 |       ||    14
   Fire: Longbow           |       |       |       |     1 |       ||     1
  Throw: Throwing net      |       |     1 |       |       |       ||     1
         Dart              |       |       |       |     3 |       ||     3
   Cast: Freeze            |    31 |     6 |    10 |     7 |     1 ||    55
         Frozen Ramparts   |       |     5 |    35 |    63 |    17 ||   120
         Ozocubu's Armour  |       |       |    33 |    54 |    13 ||   100
         Foxfire           |       |       |    19 |    65 |     4 ||    88
         Summon Ice Beast  |       |       |     1 |    47 |    17 ||    65
 Invoke: Potion Petition   |       |       |       |     1 |     3 ||     4
         Call Merchant     |       |       |       |     1 |       ||     1
  Evoke: Wand              |       |       |       |     5 |     7 ||    12
    Use: Scroll            |     4 |     4 |     9 |    11 |     1 ||    29
         Potion            |       |     3 |     8 |     8 |     3 ||    22
   Stab: Sleeping          |     1 |     3 |     3 |       |     1 ||     8
         Held in net/web   |       |     1 |       |       |       ||     1
         Distracted        |       |       |     1 |     2 |     2 ||     5
         Invisible         |       |       |       |     4 |       ||     4
 Armour: Robe              |     8 |     6 |       |       |       ||    14
         Ring mail         |       |    69 |    61 |       |       ||   130
         Steam dragon scal |       |       |   126 |   223 |   109 ||   458
         Skin              |       |       |    10 |       |       ||    10
         Leather armour    |       |       |     3 |       |       ||     3
  Dodge: Dodged            |    27 |    74 |   250 |   290 |   103 ||   744
  Block: Other             |       |       |    25 |    67 |    34 ||   126
